 Dungeon Crawl Stone Soup version 0.29.1-15-g9cfb28693d (webtiles) character file.

Game seed: 3603205830403255553

1372 Ast3rio the Covered (level 8, -6/70 (71) HPs)
             Began as a Minotaur Fighter on Mar 28, 2023.
             Was a Believer of Okawaru.
             Mangled by an ice beast (8 damage)
             ... on level 5 of the Dungeon.
             The game lasted 00:06:12 (4637 turns).

Ast3rio the Covered (Minotaur Fighter)              Turns: 4637, Time: 00:06:13

HP:   -6/70 (71)    AC:  9    Str: 23    XL:     8   Next: 38%
MP:   5/7           EV: 12    Int:  5    God:    Okawaru [**....]
Gold: 258           SH:  6    Dex: 10    Spells: 7/7 levels left

rFire   . . .      SeeInvis .   k - +1 dagger (drain)
rCold   . . .      Faith    .   c - +0 buckler
rNeg    . . .      Spirit   .   b - +0 scale mail
rPois   .          Reflect  .   (helmet restricted)
rElec   .          Harm     .   (no cloak)
rCorr   .          Rampage  .   (no gloves)
Will    .....                   (no boots)
Stlth   +.........              (no amulet)
HPRegen 0.21/turn               (no ring)
MPRegen 0.10/turn               (no ring)

@: heroic, studying Polearms, lightly drained
A: horns 2, retaliatory headbutt
a: Renounce Religion, Heroism


You were on level 5 of the Dungeon.
You worshipped Okawaru.
Okawaru was pleased with you.
You visited 2 branches of the dungeon, and saw 6 of its levels.
You also visited: Ossuary.

You collected 258 gold pieces.

Inventory:

Hand Weapons
 a - a +0 war axe
 k - a +1 dagger of draining (weapon)
 y - a +5 dire flail of protection
Armour
 b - a +0 scale mail (worn)
 c - a +0 buckler (worn)
Jewellery
 s - an amulet of reflection
 w - a ring of see invisible
Scrolls
 e - 4 scrolls of teleportation {unknown}
 f - 2 scrolls of enchant weapon {unknown}
 g - 8 scrolls of identify {unknown}
 h - a scroll of magic mapping {unknown}
 j - 4 scrolls of vulnerability {unknown}
 n - a scroll of blinking {unknown}
 o - 2 scrolls of immolation {unknown}
 p - a scroll of amnesia {unknown}
 q - 2 scrolls of noise {unknown}
 t - a scroll of torment {unknown}
 u - a scroll of poison {unknown}
 B - a scroll of fog {unknown}
Potions
 d - a potion of might
 i - 2 potions of heal wounds {unknown}
 l - 2 potions of haste {unknown}
 m - a potion of degeneration {unknown}
 r - a potion of invisibility {unknown}
 v - 3 potions of curing {unknown}
 x - a potion of attraction {unknown}
 z - a potion of lignification {unknown}
 A - 4 potions of flight {unknown}
 C - a potion of cancellation {unknown}


   Skills:
 * Level 6.6(11.6) Fighting
 + Level 4.6(9.6) Short Blades
 + Level 4.3(9.9) Axes
 * Level 3.4(9.4) Maces & Flails
 + Level 7.4(12.4) Armour
 + Level 2.7(7.7) Dodging
 + Level 0.3(5.3) Stealth
 + Level 4.8(9.8) Shields


You had 7 spell levels left.
You didn't know any spells.
Your spell library contained the following spells:

 Spells                   Type           Power      Damage    Failure   Level
 Shock                    Conj/Air       0%         1d3       78%         1
 Slow                     Hex            0%         N/A       78%         1
 Confusing Touch          Hex            0%         N/A       98%         3
 Swiftness                Air            0%         N/A       98%         3
 Vampiric Draining        Necr           0%         2d6       98%         3
 Airstrike                Air            0%         2d(0-16)  100%        4
 Leda's Liquefaction      Hex/Erth       0%         N/A       100%        4
 Lee's Rapid Deconstruct  Erth           0%         3d5*      100%        5
 Statue Form              Tmut/Erth      0%         N/A       100%        6


Dungeon Overview and Level Annotations

Branches:
Dungeon (5/15)             Temple (1/1) D:4         Ossuary (visited)

Altars:
Cheibriados
Dithmenos
Elyvilon
Fedhas
Gozag
Hepliaklqana
Kikubaaqudgha
Makhleb
Nemelex Xobeh
Okawaru
Ru
Sif Muna
Trog
Uskayaw
Vehumet
Wu Jian
Xom
Yredelemnul
Zin

Shops:
D:2 =


Innate Abilities, Weirdness & Mutations

You have a pair of horns on your head.
You reflexively headbutt those who attack you in melee.


Message History

The necrophage hits you. The iguana bites you.
* * * LOW HITPOINT WARNING * * *
The ice beast hits you but does no damage.
You hit the necrophage.
The necrophage is moderately damaged.
The iguana bites you but does no damage.
The ice beast hits you but does no damage.
The necrophage hits you but does no damage.
You hit the necrophage.
The necrophage is moderately damaged.
The iguana bites you.
* * * LOW HITPOINT WARNING * * *
The ice beast barely misses you. The necrophage completely misses you.
You furiously retaliate!
You headbutt the necrophage, but do no damage.
You gain the combat prowess of a mighty hero.
The iguana bites you but does no damage.
The ice beast closely misses you. The necrophage hits you.
* * * LOW HITPOINT WARNING * * *
You hit the necrophage but do no damage.
You headbutt the necrophage!
The necrophage is heavily damaged.
You hit the necrophage but do no damage.
The necrophage is heavily damaged.
The necrophage closely misses you. You furiously retaliate!
You headbutt the necrophage!
You destroy the necrophage!
Okawaru accepts your kill. The iguana bites you!
* * * LOW HITPOINT WARNING * * *
The ice beast misses you.
You hit the white imp. You headbutt the white imp.
You kill the white imp!
Okawaru accepts your kill.
You barely miss the ice beast. Your headbutt misses the ice beast.
The ice beast is heavily wounded.
The ice beast hits you.
* * * LOW HITPOINT WARNING * * *
The ice beast freezes you!
You die...

#....##.#
##....##.#######
#...............
#.##.#......#######
#...........#<..######
#..##.#........##....#
#..#)))#......##....
###.....).......#l.#.#
........)#......@†..♣
.....##.#...###.'Y.#.♣
............# #.#..#
.........##.###.##...
................# #...
...#............# ####
......#......#..#
###.#.#......#..#
#.#.#.####.# .#


You could see an ice beast (very drained) and an iguana.

Vanquished Creatures
  Sigmund (D:2)
  Edmund (D:4)
  A black bear (D:4)
  2 phantoms (D:4)
  3 elf zombies (Ossuary)
  A scorpion (D:5)
  2 necrophages
  The ghost of 7w4c the Shield-Bearer, a weakling TrFi (D:4)
  2 hounds
  A jelly (D:5)
  2 human zombies (Ossuary)
  An orc priest (D:5)
  An iguana (D:3)
  2 mummies (Ossuary)
  4 adders
  A white imp (D:5)
  2 adder zombies (Ossuary)
  3 dart slugs
  12 orcs
  4 endoplasms
  5 giant cockroaches
  6 goblins
  9 hobgoblins
  4 jackals
  8 kobolds
  4 quokkas
  8 ball pythons
  7 bats
  6 frilled lizards
  2 goblin zombies (Ossuary)
  11 hobgoblin zombies (Ossuary)
  A jackal zombie (Ossuary)
  6 kobold zombies (Ossuary)
  10 orc zombies (Ossuary)
  6 rats
140 creatures vanquished.

Vanquished Creatures (others)
  2 plants (D:4)
2 creatures vanquished.

Grand Total: 142 creatures vanquished

Notes
Turn   | Place    | Note
-------+----------+-------------------------------------------
     0 | D:1      | Ast3rio the Minotaur Fighter began the quest for the Orb.
     0 | D:1      | Reached XP level 1. HP: 19/19 MP: 0/0
    44 | D:1      | Reached skill level 4 in Armour
    91 | D:1      | Reached XP level 2. HP: 27/27 MP: 1/1
   381 | D:1      | Reached XP level 3. HP: 30/30 MP: 2/2
   637 | D:2      | Found Gurcha's One-of-a-Kind Rings.
   832 | D:2      | Reached XP level 4. HP: 36/40 MP: 3/3
   909 | D:2      | Noticed Sigmund
   925 | D:2      | Killed Sigmund
   926 | D:2      | Reached skill level 5 in Armour
   926 | D:2      | Reached skill level 1 in Dodging
   926 | D:2      | Reached XP level 5. HP: 11/47 MP: 4/4
  1255 | D:3      | Reached XP level 6. HP: 37/53 MP: 5/5
  1829 | D:3      | Found a faded altar of an unknown god.
  1949 | D:3      | You fall into a shaft and drop 1 floor!
  1949 | D:4      | Found a staircase to the Ecumenical Temple.
  1991 | Temple   | Entered the Ecumenical Temple
  2140 | Temple   | Became a worshipper of Warmaster Okawaru
  2514 | D:4      | Reached skill level 5 in Fighting
  2619 | D:4      | Reached skill level 6 in Armour
  2619 | D:4      | Reached XP level 7. HP: 54/61 MP: 6/6
  2674 | D:4      | Noticed Edmund
  2691 | D:4      | Killed Edmund
  3047 | D:4      | Found a large runed translucent door.
  3048 | D:4      | Found a large runed translucent door.
  3050 | D:4      | Noticed 7w4c's ghost (weakling TrFi)
  3639 | D:4      | Killed 7w4c's ghost
  3639 | D:4      | Reached * piety under Okawaru
  3640 | D:4      | Reached skill level 1 in Maces & Flails
  3660 | D:5      | Entered Level 5 of the Dungeon
  3753 | D:5      | Found a sand-covered staircase.
  3777 | Ossuary  | Entered an ossuary
  3934 | Ossuary  | Reached skill level 7 in Armour
  3960 | Ossuary  | Reached XP level 8. HP: 57/70 MP: 7/7
  4509 | D:5      | Reached ** piety under Okawaru
  4635 | D:5      | HP: 3/68 [iguana (9)]
  4637 | D:5      | Mangled by an ice beast

Illustrated notes

Levels and vault maps discovered:
D:1:      tarquinn_simple_flora_water_c, layout_rooms, serial_park_tiny_pond,
          minmay_small_reverse_x
D:2:      layout_basic, nicolae_shop_unique_rings, uniq_sigmund
D:3:      layout_loops_corners, gammafunk_temple_overflow_pools,
          ebering_ecumenical_altar_ruins, minivault_14
D:4:      layout_loops_corners, minmay_temple_entry_water_ring, serial_bayou,
          serial_bayou_crossing, serial_bayou_lake_a, serial_bayou_shore_a,
          serial_bayou_pond_e, serial_bayou_pond_a, serial_bayou_lagoon_a,
          ebering_ghost_disaster_area, kennysheep_big_empty_room,
          eino_small_chamber_without_monster, minmay_manual_mess, uniq_edmund
D:5:      layout_basic, nicolae_ossuary_entry_ruins, kennysheep_generic_room_3
Temple:   nicolae_temple_slightly_damp_pantheon

Skill      XL: |  1  2  3  4  5  6  7  8 |
---------------+-------------------------+-----
Armour         | 4 5 6 7 |  7.4
Fighting       | 4 5 6 |  6.6
Axes           | 3 4 |  4.3
Shields        | 4 |  4.8
Short Blades   | 2 3 4 |  4.6
Dodging        | 1 2 |  2.7
Maces & Flails | 2 3 |  3.4
Stealth        | |  0.3

Action                   |  1- 3 |  4- 6 |  7- 9 || total
-------------------------+-------+-------+-------++-------
Melee: War axe           |    56 |       |       ||    56
       Headbutt          |    10 |    20 |    76 ||   106
       Dagger            |    42 |   110 |   302 ||   454
Invok: Heroism           |       |       |     1 ||     1
  Use: Potion            |       |     1 |       ||     1
Armor: Scale mail        |    62 |    48 |    84 ||   194
Dodge: Dodged            |    60 |    57 |    90 ||   207
Block: Buckler           |    22 |    20 |    26 ||    68
